 Dungeon Crawl Stone Soup version 0.30.0-20-g3615ddf2f0 (webtiles) character file.

Game seed: 17928760074666841766

350 qw the Chopper (level 6, -25/38 HPs)
             Began as a Gargoyle Fighter on June 1, 2023.
             Annihilated by an ogre
             ... wielding a +0 giant club
              (27 damage)
             ... on level 4 of the Dungeon.
             The game lasted 00:01:12 (2202 turns).

qw the Chopper (Gargoyle Fighter)                   Turns: 2202, Time: 00:01:13

Health: -25/38     AC: 11    Str: 21    XL:     6   Next: 60%
Magic:  6/6        EV:  9    Int:  9    God:
Gold:   193        SH:  4    Dex:  9    Spells: 5/5 levels left

rFire   . . .        Y - +1 war axe
rCold   . . .        c - +0 buckler
rNeg    + . .        b - +0 scale mail
rPois   inf          (no helmet)
rElec   +            (no cloak)
rCorr   .            (no gloves)
SInv    .            (no boots)
Will    +....        (no amulet) Stlth
                     l - ring of willpower
HPRegen 0.26/turn    (no ring)
MPRegen 0.10/turn

%: no passive effects
@: no status effects
A: sickness immunity, AC +4, negative energy resistance 1, electricity
resistance, torment resistance 1, petrification resistance
a: no special abilities


You were on level 4 of the Dungeon.
You visited 1 branch of the dungeon, and saw 4 of its levels.

You collected 193 gold pieces.


Innate Abilities, Weirdness & Mutations

You are immune to sickness and miasma.
Your stone body is resilient. (AC +4)
You are immune to poison.
You resist negative energy. (rN+)
You are resistant to electric shocks. (rElec)
You are resistant to unholy torment.
You are immune to petrification.


   Skills:
 + Level 3.9 Fighting
 - Level 5.9 Axes
 - Level 3.2 Armour
 - Level 3.2 Shields


You had 5 spell levels left.
You didn't know any spells.
Your spell library was empty.

Inventory:

Hand Weapons
 g - a +0 mace
 Y - a +1 war axe (weapon)
Armour
 b - a +0 scale mail (worn)
 c - a +0 buckler (worn)
Jewellery
 l - a ring of willpower (left hand)
Scrolls
 j - a scroll of identify
Potions
 a - a potion of degeneration {unknown}
 d - 3 potions of might
 e - a potion of lignification {unknown}
 f - a potion of haste {unknown}
 h - a potion of curing
 i - 2 potions of heal wounds {unknown}
 k - a potion of attraction {unknown}
 m - a potion of flight {unknown}
 n - a potion of invisibility {unknown}

Dungeon Overview and Level Annotations

Branches:
Dungeon (4/15)             Temple (0/1) D:4

Altars:
Dithmenos
Yredelemnul

Annotations:
D:3 1 runed translucent door, Crazy Yiuf


Message History

You now have 189 gold pieces (gained 19).
You now have 193 gold pieces (gained 4).
An ogre and an orc come into view.
Found a staircase to the Ecumenical Temple.
The ogre shouts!
The orc shouts!
Enter note:
Enter note:
2194 ||| PLANNING TEMPLE You barely miss the ogre.
The ogre closely misses you.
A sleepcap comes into view.
You completely miss the ogre. You completely miss the orc.
The orc hits you but does no damage. You block the ogre's attack.
You barely miss the ogre. You completely miss the orc.
The orc closely misses you. The orc hits you but does no damage.
The ogre hits you with a +0 giant club!
You slash the ogre!
The ogre is moderately wounded.
You hit the orc. The orc hits you but does no damage.
The ogre barely misses you.
You slash the orc!
You kill the orc!
You hit the ogre. You slash the ogre!
The ogre is severely wounded.
The ogre hits you with a +0 giant club!
The sleepcap releases spores at you but does no damage.
You hit the ogre.
The ogre is severely wounded.
You hit the sleepcap.
The ogre hits you with a +0 giant club!!
Ouch! That really hurt!
The sleepcap releases spores at you but does no damage.
You barely miss the ogre.
The ogre is severely wounded.
You hit the sleepcap.
The sleepcap releases spores at you but does no damage.
The ogre hits you with a +0 giant club!!
Ouch! That really hurt!
You die...

................
######........####
.................#
###.##........##.#
# #.##........##.#
# #.##........##.#
# #.##.###..####.#
# #.##......# #.#
# #.######..# #@#
#.. ...#..O.f..#
###
##.##.####......
.#.# .##... # # .
.# .. .. ..>


You could see an ogre and a sleepcap.

Vanquished Creatures
  Sigmund (D:3)
  An orc priest (D:3)
  A hound (D:4)
  Jessica (D:2)
  4 adders
  A worm (D:2)
  A dart slug (D:2)
  4 orcs
  5 ball pythons
  4 endoplasms
  3 giant cockroaches
  A goblin (D:2)
  4 hobgoblins
  5 jackals (D:2)
  2 quokkas (D:1)
  5 bats
  6 frilled lizards
  2 kobolds
  3 rats
54 creatures vanquished.

Notes
Turn   | Place    | Note
-------+----------+-------------------------------------------
     0 | D:1      | qw the Gargoyle Fighter began the quest for the Orb.
     0 | D:1      | Reached XP level 1. HP: 14/14 MP: 1/1
     0 | D:1      | 0 ||| qw: Version: 0.2-a-102-gfc559e5
     0 | D:1      | 0 ||| qw: Game counter: 676
     0 | D:1      | 0 ||| qw: Always use a shield: true
     0 | D:1      | 0 ||| qw: God list: Okawaru
     0 | D:1      | 0 ||| qw: Allow faded altars: false
     0 | D:1      | 0 ||| qw: Do Orc after D:15 true
     0 | D:1      | 0 ||| qw: Do second Lair branch before Depths: true
     0 | D:1      | 0 ||| qw: Lair rune preference: random
     0 | D:1      | 0 ||| qw: Plans: Normal, Zot:1-4, Slime:5, God:TSO, Crypt,
                  | Tomb, Pan, Hells, Abyss, Win
     0 | D:1      | 0 ||| PLANNING D:1-11
    46 | D:1      | Reached skill level 2 in Axes
   166 | D:1      | Reached XP level 2. HP: 19/19 MP: 2/2
   590 | D:1      | 590 ||| READING scroll labelled ANUIGG YDEUCOM.
   591 | D:1      | 591 ||| READING scroll labelled COULEER JEADY.
   672 | D:2      | 672 ||| Stepping ~*~*~tactically~*~*~ (stealth).
   674 | D:2      | 674 ||| Stepping ~*~*~tactically~*~*~ (stealth).
   681 | D:2      | 681 ||| Stepping ~*~*~tactically~*~*~ (stealth).
   688 | D:2      | Reached skill level 3 in Axes
   689 | D:2      | 689 ||| Stepping ~*~*~tactically~*~*~ (stealth).
   690 | D:2      | 690 ||| Stepping ~*~*~tactically~*~*~ (stealth).
   699 | D:2      | Reached XP level 3. HP: 23/23 MP: 3/3
   745 | D:2      | 745 ||| Stepping ~*~*~tactically~*~*~ (hiding).
   875 | D:2      | Noticed Jessica
   876 | D:2      | 876 ||| Stepping ~*~*~tactically~*~*~ (hiding).
   877 | D:2      | 877 ||| Stepping ~*~*~tactically~*~*~ (hiding).
   879 | D:2      | 879 ||| Stepping ~*~*~tactically~*~*~ (hiding).
   891 | D:2      | Killed Jessica
   892 | D:2      | Reached XP level 4. HP: 25/28 MP: 4/4
   910 | D:2      | 910 ||| Stepping ~*~*~tactically~*~*~ (stealth).
   912 | D:2      | 912 ||| Stepping ~*~*~tactically~*~*~ (stealth).
   918 | D:2      | Reached skill level 4 in Axes
  1231 | D:2      | 1231 ||| Stepping ~*~*~tactically~*~*~ (stealth).
  1408 | D:2      | 1408 ||| DROPPING ring of magical power.
  1409 | D:2      | 1409 ||| READING scroll labelled CEWOCS HESMA.
  1442 | D:3      | 1442 ||| STAIRDANCE
  1467 | D:3      | 1467 ||| Stepping ~*~*~tactically~*~*~ (hiding).
  1469 | D:3      | 1469 ||| Stepping ~*~*~tactically~*~*~ (hiding).
  1470 | D:3      | 1470 ||| Stepping ~*~*~tactically~*~*~ (hiding).
  1471 | D:3      | 1471 ||| Stepping ~*~*~tactically~*~*~ (hiding).
  1473 | D:3      | 1473 ||| Stepping ~*~*~tactically~*~*~ (hiding).
  1474 | D:3      | 1474 ||| Stepping ~*~*~tactically~*~*~ (hiding).
  1485 | D:3      | HP: 5/28 [orc priest/+0 hand axe (4)]
  1487 | D:3      | Reached XP level 5. HP: 7/32 MP: 5/5
  1503 | D:3      | 1503 ||| FLEEEEING.
  1504 | D:3      | 1504 ||| FLEEEEING.
  1511 | D:3      | 1511 ||| STAIRDANCE
  1616 | D:3      | 1616 ||| DROPPING +0 club.
  1627 | D:3      | Found a shadowy altar of Dithmenos.
  1655 | D:3      | Noticed Sigmund
  1656 | D:3      | 1656 ||| Stepping ~*~*~tactically~*~*~ (hiding).
  1671 | D:3      | Killed Sigmund
  1672 | D:3      | Reached skill level 5 in Axes
  1672 | D:3      | Reached XP level 6. HP: 33/37 MP: 6/6
  1739 | D:3      | Found a basalt altar of Yredelemnul.
  1822 | D:3      | Found a runed translucent door.
  1823 | D:3      | Noticed Crazy Yiuf
  2065 | D:3      | 2065 ||| UPGRADING to ring of willpower.
  2066 | D:3      | 2066 ||| READING 2 scrolls labelled BACONA TECZOVE.
  2067 | D:3      | 2067 ||| READING scroll labelled MUYSESUMMEA.
  2068 | D:3      | 2068 ||| DRINKING 2 puce potions.
  2142 | D:4      | 2142 ||| Stepping ~*~*~tactically~*~*~ (stealth).
  2193 | D:4      | Found a staircase to the Ecumenical Temple.
  2194 | D:4      | 2194 ||| PLANNING TEMPLE
  2201 | D:4      | HP: 2/38 [ogre/+0 giant club (19)]
  2202 | D:4      | Annihilated by an ogre

Levels and vault maps discovered:
D:1:      minmay_arrival_stair_chambers, layout_basic
D:2:      layout_basic, uniq_jessica
D:3:      layout_rooms, yredelemnul_altar_generic,
          nicolae_overflow_crystal_walls, uniq_crazy_yiuf_cottage, uniq_sigmund
D:4:      layout_loops_ring, old_standard_altar, minmay_temple_entry_mini_moons,
          uniq_grinder

Skill      XL: |  1  2  3  4  5 |
---------------+----------------+-----
Axes           | 2 3 4 5 |  5.9
Fighting       | |  3.9
Armour         | |  3.2
Shields        | |  3.2

Action                     |  1- 3 |  4- 6 || total
---------------------------+-------+-------++-------
  Melee: War axe           |    69 |   109 ||   178
    Use: Scroll            |     2 |     3 ||     5
         Potion            |       |     1 ||     1
 Armour: Scale mail        |    20 |    69 ||    89
  Dodge: Dodged            |    30 |    54 ||    84
  Block: Buckler           |     8 |    19 ||    27

Table legend:
 A = Non-vault XP
 B = Vault XP
 C = Vault XP percentage of total XP
 D = Non-vault monster count
 E = Vault monster count
 F = Vault count percentage of total count
                 A         B        C        D         E       F
            +---------+---------+-------+---------+---------+-------
      Total |     224 |     276 |  55.2 |      52 |       2 |   3.7
            +---------+---------+-------+---------+---------+-------
        D:1 |      24 |       0 |   0.0 |      16 |       0 |   0.0
        D:2 |      65 |      37 |  36.3 |      20 |       1 |   4.8
        D:3 |      90 |     239 |  72.6 |      13 |       1 |   7.1
        D:4 |      45 |       0 |   0.0 |       3 |       0 |   0.0
            +---------+---------+-------+---------+---------+-------
